 Dungeon Crawl Stone Soup version 0.21-a0-346-g330ab2c (webtiles) character file.

15100 Hasart the Cleaver (level 11, 0/87 HPs)
             Began as a Mummy Fighter on Oct 5, 2017.
             Was an Initiate of Gozag.
             Slain by a bullfrog (1 damage)
             ... on level 1 of the Lair of Beasts.
             The game lasted 00:36:35 (15984 turns).

Hasart the Cleaver (Mummy Fighter)                 Turns: 15984, Time: 00:36:36

Health: 0/87       AC: 14    Str: 22    XL:     11   Next: 97%
Magic:  20/20      EV: 11    Int:  7    God:    Gozag
Gold:   309        SH: 19    Dex: 16    Spells: 10/10 levels left

rFire    x . .     SeeInvis .   p - +3 broad axe (flame)
rCold    + + .     Gourm    .   r - +2 large shield {rPois}
rNeg     + + +     Faith    .   b - +0 scale mail
rPois    ∞         Spirit   .   m - +0 helmet "Boklon" {rElec rC+}
rElec    +         Reflect  .   (no cloak)
rCorr    .         Harm     .   j - +2 pair of gloves {Dex+3}
MR       +....                  a - +1 pair of boots
Stlth    ..........             (no amulet)
HPRegen  0.24/turn              g - ring of magical power
MPRegen  0.17/turn              (no ring)

@: gold aura, studying Shields
A: no food or potions, fire vulnerability, cold resistance 1, negative energy
resistance 3, torment resistance, unbreathing
a: Potion Petition, Call Merchant, Bribe Branch, Renounce Religion


You were on level 1 of the Lair of Beasts.
You worshipped Gozag.
Gozag was aware of your devotion.
You were not hungry.

You visited 3 branches of the dungeon, and saw 14 of its levels.
You also visited: Ossuary and Bailey.

You collected 3171 gold pieces.
You spent 198 gold pieces at shops.
You paid 2664 gold pieces to Gozag.

Inventory:

Hand Weapons
 p - a +3 broad axe of flaming (weapon)
Armour
 a - a +1 pair of boots (worn)
 b - a +0 scale mail (worn)
 j - a +2 pair of gloves of dexterity (worn)
 m - the +0 helmet "Boklon" (worn) {rElec rC+}
   (You found it on level 9 of the Dungeon)

   It protects you from cold.
   It insulates you from electricity.
 r - a +2 large shield of poison resistance (worn)
 s - a +0 cloak of poison resistance
Jewellery
 g - a ring of magical power (left hand)
Wands
 f - a wand of lightning (1/15)
 u - a wand of random effects (18/48)
 v - a wand of scattershot (6/9)
 x - a wand of iceblast (5/15)
Scrolls
 d - 3 scrolls of remove curse
 h - 2 scrolls of fog
 i - 8 scrolls of identify
 q - 2 scrolls of magic mapping
 w - a scroll of teleportation
Books
 c - a manual of Shields
 k - a book of Misfortune

   Spells                             Type                      Level
   a - Confusing Touch                Hexes                        1
   b - Confuse                        Hexes                        3
   c - Gell's Gravitas                Translocation                3
   d - Petrify                        Transmutation/Earth          4
   e - Metabolic Englaciation         Hexes/Ice                    5
   f - Yara's Violent Unravelling     Hexes/Transmutation          5
 o - a book of Callings

   Spells                             Type                      Level
   a - Summon Small Mammal            Summoning                    1
   b - Call Imp                       Summoning                    2
   c - Call Canine Familiar           Summoning                    3
   d - Summon Guardian Golem          Hexes/Summoning              3
   e - Summon Lightning Spire         Summoning/Air                4
   f - Summon Ice Beast               Ice/Summoning                4


   Skills:
 + Level 8.5 Fighting
 + Level 10.1 Axes
 + Level 7.1 Armour
 + Level 6.4 Dodging
 + Level 8.3 Shields


You had 10 spell levels left.
You didn't know any spells.

Dungeon Overview and Level Annotations

Branches:
Dungeon (12/15)            Temple (0/1) D:4            Lair (1/6) D:9
    Orc (1/2) D:12

Altars:
Fedhas
Gozag
Kikubaaqudgha
Nemelex Xobeh
Okawaru
Qazlal
Vehumet
Zin

Shops:
D:2 *   D:5 [   D:9 [[   D:12 (

Annotations:
D:3 1 runed door
D:9 2 runed doors
D:12 Maurice


Innate Abilities, Weirdness & Mutations

You do not eat or drink.
Your flesh is vulnerable to fire.
You are immune to poison.
Your flesh is cold resistant. (rC+)
You are immune to negative energy. (rN+++)
You are immune to unholy pain and torment.
You can survive without breathing.


Message History

You slice one of the four-headed hydra's heads off!
The flame cauterises the wound!
You slice the three-headed hydra!! You burn the three-headed hydra.
You kill the three-headed hydra!
You barely miss the bullfrog. You hit the spiny frog. You burn the spiny frog.
The spiny frog is no longer distracted by gold.
The bullfrog hits you but does no damage.
The spiny frog closely misses you.
The basilisk is distracted by the nearby gold.
You block the bullfrog's attack. The spiny frog stings you.
* * * LOW HITPOINT WARNING * * *
Unknown command.
Unknown command.
Unknown command.
The basilisk hisses angrily.
You slice the spiny frog!! You burn the spiny frog.
You kill the spiny frog!
You barely miss the bullfrog. The bullfrog hits you.
You die...
Your body crumbles into a pile of gold.

.#..... .......
....... .......
. #####.......
...#...........
........$......
.......@$......
......$$F......
.........l.....
...............
.............(.
...............
........#......
..........##...


You could see a basilisk and a bullfrog.

Vanquished Creatures
  A hydra (Lair:1)
  2 two-headed ogres
  An orc knight (Bailey)
  Pikel (D:5)
  3 ugly things
  A cyclops (D:9)
  Psyche (D:12)
  A spiny frog (Lair:1)
  2 trolls
  Prince Ribbit (D:6)
  Grinder (D:3)
  2 hornets
  3 blink frogs
  Sigmund (D:4)
  A shadow (D:9)
  2 wyverns
  6 yaks (D:10)
  Eustachio (D:4)
  2 soldier ants (D:8)
  A porcupine (Lair:1)
  A water moccasin (Lair:1)
  A black bear (D:6)
  17 orc warriors
  3 slaves (D:4)
  A sky beast (D:12)
  An eye of draining (D:9)
  4 ogres
  A necrophage (D:5)
  A big kobold (D:7)
  4 bullfrogs
  3 scorpions
  6 wights
  11 killer bees
  2 howler monkeys
  5 crimson imps
  A centaur zombie (D:7)
  4 bullfrog zombies
  3 hounds
  A gnoll shaman (D:5)
  6 orc priests
  3 jellies
  2 bullfrog skeletons
  3 centaur skeletons
  An iguana (D:9)
  11 orc wizards
  Natasha (thrice) (D:3)
  Terence (D:3)
  10 worker ants
  A hound skeleton (D:11)
  13 mummies (Ossuary)
  2 worker ant zombies
  A howler monkey zombie (D:10)
  Robin (D:4)
  14 adders
  30 gnolls
  A shadow imp (D:12)
  An ooze (D:3)
  3 adder skeletons
  5 worms
  A dart slug (D:2)
  A leopard gecko (D:3)
  70 orcs
  2 ball pythons
  11 bats
  6 giant cockroaches
  37 goblins
  20 hobgoblins
  15 jackals
  5 quokkas
  A frilled lizard (D:2)
  A goblin skeleton (Ossuary)
  15 kobolds
  4 kobold skeletons (Ossuary)
  3 orc skeletons (Ossuary)
  A quokka skeleton (D:6)
  11 rats
  11 rat skeletons (Ossuary)
431 creatures vanquished.

Vanquished Creatures (others)
  A gnoll (D:6)
1 creature vanquished.

Grand Total: 432 creatures vanquished

Notes
Turn   | Place    | Note
-------+----------+-------------------------------------------
     0 | D:1      | Hasart the Mummy Fighter began the quest for the Orb.
     0 | D:1      | Reached XP level 1. HP: 18/18 MP: 1/1
    45 | D:1      | Reached skill level 2 in Axes
    61 | D:1      | Reached XP level 2. HP: 19/24 MP: 2/2
   700 | D:2      | Found an iron altar of Okawaru.
   715 | D:2      | Reached XP level 3. HP: 29/29 MP: 3/3
   717 | D:2      | Reached skill level 3 in Axes
   924 | D:2      | Found Gozag's Platinum Reserve.
   924 | D:2      | Found an opulent altar of Gozag.
   938 | D:2      | Became a worshipper of Gozag Ym Sagoz the Greedy
  1401 | D:2      | Noticed an ogre
  1408 | D:2      | Killed an ogre
  1408 | D:2      | Reached skill level 4 in Axes
  1408 | D:2      | Reached XP level 4. HP: 5/35 MP: 4/4
  1408 | D:2      | Reached XP level 5. HP: 6/41 MP: 5/5
  2219 | D:3      | Reached skill level 5 in Axes
  2340 | D:3      | Noticed Terence
  2412 | D:3      | Found an ancient bone altar of Kikubaaqudgha.
  2413 | D:3      | Found a stormy altar of Qazlal.
  2445 | D:3      | Noticed Grinder
  2454 | D:3      | Killed Terence
  2454 | D:3      | Reached XP level 6. HP: 43/47 MP: 6/6
  2460 | D:3      | Paralysed by Grinder for 7 turns
  2471 | D:3      | Killed Grinder
  2471 | D:3      | Reached skill level 6 in Axes
  2756 | D:3      | Found a radiant altar of Vehumet.
  3310 | D:3      | Noticed Natasha
  3318 | D:3      | Killed Natasha
  3318 | D:3      | Reached XP level 7. HP: 52/52 MP: 7/7
  3535 | D:3      | Noticed Natasha
  3541 | D:3      | Killed Natasha
  3661 | D:3      | Noticed Natasha
  3679 | D:3      | Killed Natasha
  3931 | D:3      | Found a runed door.
  4153 | D:4      | Noticed Eustachio
  4528 | D:4      | Noticed Robin
  4615 | D:4      | Noticed Sigmund
  4847 | D:4      | Killed Robin
  4855 | D:4      | Reached skill level 7 in Axes
  5125 | D:5      | Entered Level 5 of the Dungeon
  5135 | D:4      | Found a blossoming altar of Fedhas.
  5191 | D:4      | Found a staircase to the Ecumenical Temple.
  5368 | D:4      | Noticed Pikel
  6169 | D:5      | Bought a +1 pair of gloves of dexterity for 198 gold pieces
  6284 | D:5      | Reached XP level 8. HP: 57/58 MP: 8/8
  6557 | D:6      | Reached skill level 1 in Dodging
  6692 | D:6      | Noticed Prince Ribbit
  7146 | D:7      | Reached skill level 8 in Axes
  8083 | D:8      | Reached XP level 9. HP: 52/66 MP: 9/9
  8359 | D:8      | Found a sand-covered staircase.
  8364 | Ossuary  | Entered an ossuary
  8623 | Ossuary  | Reached skill level 5 in Fighting
  9232 | D:8      | Noticed a two-headed ogre
  9628 | D:8      | Found a sparkling altar of Nemelex Xobeh.
  9809 | D:9      | Found a runed door.
 10118 | D:9      | Got a crude helmet
 10130 | D:9      | Identified the cursed +0 helmet "Boklon" {rElec rC+} (You found it on level 9 of the Dungeon)
 10295 | D:9      | Noticed a cyclops
 10342 | D:9      | Killed a cyclops
 10632 | D:6      | Got a polished hand axe {vamp}
 10633 | D:6      | Identified the +9 hand axe "Newtbane" {vamp, *Corrode rElec rC+ Int+2 Dex+4} (You took it off a gnoll on level 6 of the Dungeon)
 10754 | D:6      | Killed Prince Ribbit
 10936 | D:6      | Found a glowing silver altar of Zin.
 11360 | D:5      | Killed Pikel
 11360 | D:5      | Reached XP level 10. HP: 76/76 MP: 10/10
 11477 | D:4      | Killed Eustachio
 11537 | D:4      | Killed Sigmund
 11537 | D:4      | Reached skill level 5 in Armour
 11537 | D:4      | Reached skill level 5 in Shields
 11675 | D:8      | Killed a two-headed ogre
 11675 | D:8      | Reached skill level 9 in Axes
 11879 | D:9      | Noticed a cyan ugly thing
 11891 | D:9      | Killed a cyan ugly thing
 11988 | D:9      | Found Irump's Antique Armour Shop.
 12228 | D:9      | Found the +2 shield of Resistance {rF+ rC+ MR+}
 12228 | D:9      | Noticed an ice dragon
 12228 | D:9      | Noticed an ice dragon
 12229 | D:9      | Noticed a fire dragon
 12229 | D:9      | Noticed a fire dragon
 12241 | D:9      | Found a runed door.
 12284 | D:9      | Found a staircase to the Lair.
 12297 | Lair:1   | Entered Level 1 of the Lair of Beasts
 12301 | Lair:1   | Noticed an eight-headed hydra
 12403 | D:10     | Entered Level 10 of the Dungeon
 12459 | D:10     | Reached skill level 5 in Dodging
 12951 | D:10     | Reached XP level 11. HP: 84/84 MP: 11/11
 13406 | D:11     | Noticed a five-headed hydra
 13553 | D:11     | Noticed a green ugly thing
 13576 | D:11     | Killed a green ugly thing
 13879 | D:12     | Noticed a two-headed ogre
 13893 | D:12     | Killed a two-headed ogre
 14010 | D:12     | Found a flagged portal.
 14025 | Bailey   | Entered a bailey
 14362 | Bailey   | Noticed an orc knight
 14362 | Bailey   | Noticed an orc warlord
 14424 | Bailey   | Killed an orc knight
 14790 | D:12     | Found a staircase to the Orcish Mines.
 14797 | Orc:1    | Entered Level 1 of the Orcish Mines
 14807 | Orc:1    | Noticed an orc knight
 14810 | Orc:1    | Noticed Maurice
 15211 | D:12     | Noticed Psyche
 15231 | D:12     | Killed Psyche
 15255 | D:12     | Noticed a white ugly thing
 15256 | D:12     | Identified a scroll of acquirement
 15265 | D:12     | Killed a white ugly thing
 15265 | D:12     | Reached skill level 10 in Axes
 15983 | Lair:1   | Killed a three-headed hydra
 15983 | Lair:1   | HP: 1/87 [spiny frog (4)]
 15984 | Lair:1   | Slain by a bullfrog

Vault maps used:
D:1:      lemuel_arrival_broad_hall
D:2:      okawaru_trees_2, nicolae_gozag_zags_fifth_avenue
D:3:      overflow_temple_1_default, grunt_temple_overflow_open, first_bread,
          kennysheep_generic_room_13, uniq_crazy_yiuf_cottage, uniq_natasha,
          uniq_grinder, uniq_terence
D:4:      minmay_temple_entry_poolview, gup_sewer_entry_bubbles, fedhas_altar_2,
          uniq_sigmund, uniq_robin, uniq_eustachio, uniq_pikel
D:6:      lemuel_round_altar, st_stairs_3, lemuel_flamethrower_2,
          uniq_prince_ribbit1
D:8:      kennysheep_mini_moat, nicolae_ossuary_entry_false_entrances,
          hangedman_pestilent_swarm
D:9:      minmay_the_grid_square_5x5_3x3, lair_entry_dummy, serial_shops, shop,
          serial_glass, glass_columns_c, glass_columns_b,
          minmay_guarded_unrand_resistance
D:10:     minmay_misc_feat_pillars, kennysheep_doodads
D:12:     hiddenorc1_lemuel, enter_bailey_2, uniq_psyche
Lair:1:   grunt_megastairs_4
Orc:1:    uniq_maurice
Ossuary:  ossuary_due_small_catacomb
Bailey:   bailey_axe_minmay_hex_keep, bailey

Skill      XL: |  1  2  3  4  5  6  7  8  9 10 11 |
---------------+----------------------------------+-----
Axes           | 2 4 5 6 7 8 9 10 | 10.1
Dodging        | 2 4 5 6 |  6.4
Armour         | 3 4 5 7 |  7.1
Shields        | 3 4 6 8 |  8.3
Fighting       | 4 6 7 8 |  8.5

Action                   |  1- 3 |  4- 6 |  7- 9 | 10-12 || total
-------------------------+-------+-------+-------+-------++-------
Melee: War axe           |   148 |   131 |   641 |       ||   920
       Hand axe          |       |       |    58 |   584 ||   642
       Broad axe         |       |       |       |    37 ||    37
Throw: Javelin           |       |       |       |     1 ||     1
Invok: Potion Petition   |     1 |       |     1 |       ||     2
       Call Merchant     |       |       |     2 |     1 ||     3
Evoke: Wand              |       |       |     8 |       ||     8
  Use: Scroll            |       |     1 |     6 |    12 ||    19
 Stab: Invisible         |     2 |     1 |       |       ||     3
       Distracted        |       |       |     4 |     5 ||     9
Armor: Scale mail        |    93 |    48 |   246 |   113 ||   500
Dodge: Dodged            |    75 |    37 |   204 |   125 ||   441
Block: Shield            |   115 |    61 |   299 |    19 ||   494
       Large shield      |       |       |       |   438 ||   438

Table legend:
 A = Spawn XP
 B = Non-spawn XP
 C = Spawn XP percentage of total XP
 D = Spawn monster count
 E = Non-spawn monster count
 F = Spawn count percentage of total count
 G = Total turns spent on level
                    A         B        C        D         E        F      G
               +---------+---------+-------+---------+---------+-------+---------
         Total |       0 |   21572 |   0.0 |       0 |     428 |   0.0 | 15984
               +---------+---------+-------+---------+---------+-------+---------
           D:1 |       0 |      39 |   0.0 |       0 |      24 |   0.0 |   694
           D:2 |       0 |     186 |   0.0 |       0 |      28 |   0.0 |  1665
           D:3 |       0 |     674 |   0.0 |       0 |      44 |   0.0 |  2252
           D:4 |       0 |     520 |   0.0 |       0 |      26 |   0.0 |  1101
           D:5 |       0 |    1112 |   0.0 |       0 |      22 |   0.0 |  1071
           D:6 |       0 |     740 |   0.0 |       0 |      18 |   0.0 |  1019
           D:7 |       0 |     885 |   0.0 |       0 |      23 |   0.0 |  1360
           D:8 |       0 |    1960 |   0.0 |       0 |      17 |   0.0 |  1174
           D:9 |       0 |    2606 |   0.0 |       0 |      26 |   0.0 |  1323
          D:10 |       0 |    2328 |   0.0 |       0 |      27 |   0.0 |   751
          D:11 |       0 |    1392 |   0.0 |       0 |      21 |   0.0 |   698
          D:12 |       0 |    3748 |   0.0 |       0 |      38 |   0.0 |  1305
        Lair:1 |       0 |    2177 |   0.0 |       0 |       6 |   0.0 |    22
         Orc:1 |       0 |     623 |   0.0 |       0 |       8 |   0.0 |    43
       Ossuary |       0 |     248 |   0.0 |       0 |      32 |   0.0 |   776
        Bailey |       0 |    2334 |   0.0 |       0 |      68 |   0.0 |   730
               +---------+---------+-------+---------+---------+-------+---------
